 Dungeon Crawl Stone Soup version 0.27-a0-1416-g941b2bd30b (webtiles) character file.

Game seed: 11294667836323040110

345 robertstho the Magician (level 6, -5/64 HPs)
             Began as a Djinni Fire Elementalist on July 1, 2021.
             Slain by vexzain's ghost (7 damage)
             ... on level 3 of the Dungeon.
             The game lasted 00:05:13 (3715 turns).

robertstho the Magician (Djinni Fire Elementalist)  Turns: 3715, Time: 00:05:14

Health: -5/64      AC: 23    Str:  6 (7)  XL:     6   Next: 89%
Gold:   77         EV:  2    Int: 18 (19) God:
                   SH:  0    Dex: 13 (15)

rFire    . . .     SeeInvis .   m - +4 short sword
rCold    + . .     Faith    .   (no shield)
rNeg     + + +     Spirit   .   (armour currently unavailable)
rPois    ∞         Reflect  .   (helmet currently unavailable)
rElec    .         Harm     .   (cloak currently unavailable)
rCorr    .         Rampage  .   (gloves currently unavailable)
Will     .....     NoTele   +   (boots unavailable)
Stlth    ++........             (no amulet)
HPRegen  0.20/turn              k - ring of protection from cold
MPRegen  0.00/turn              (no ring)

@: tree-form, attractive
A: stationary, stasis, torment immunity, boosted hp, sickness immunity, (fire
resistance 2), (cold vulnerability 1), float, innate caster, hp casting, extra
vitality 1, (antennae 1), agile 1, MP-powered wands
a: no special abilities


You were on level 3 of the Dungeon.
You were a tree.
You visited 1 branch of the dungeon, and saw 3 of its levels.

You collected 77 gold pieces.

Inventory:

Hand Weapons
 m - a +4 short sword (weapon)
Missiles
 g - 8 curare-tipped darts
Armour
 a - a +0 robe (melded)
 e - a +0 cloak (melded)
Jewellery
 k - a ring of protection from cold (left branch)
Wands
 h - a wand of acid (19)
Scrolls
 f - a scroll of identify
Potions
 j - a potion of attraction


   Skills:
 * Level 1.7 Fighting
 + Level 2.4 Dodging
 + Level 2.0 Stealth
 * Level 5.1 Spellcasting


You couldn't memorise any spells.
You knew the following spells:

 Your Spells              Type           Power      Damage    Failure   Level
a - Foxfire               Conj/Fire      92%        2x1d8     1%          1
b - Conjure Flame         Conj/Fire      23%        6-21      4%          3
c - Inner Flame           Hex/Fire       23%        N/A       4%          3
d - Sticky Flame          Conj/Fire      23%        2d4       16%         4
e - Fireball              Conj/Fire      11%        3d7       41%         5
f - Freeze                Ice            92%        1d10      1%          1
g - Corpse Rot            Necr/Air       N/A        N/A       2%          2
Your spell library was empty.

Dungeon Overview and Level Annotations

Branches:
Dungeon (3/15)

Altars:
The Shining One
Beogh

Annotations:
D:3 vexzain's ghost, amateur TeBe


Innate Abilities, Weirdness & Mutations

You are a tree.
Your roots penetrate the ground, keeping you stationary.
You cannot be teleported.
You are immune to unholy pain and torment.
Your maximum health is greatly increased.
Your equipment is partially melded.
You are immune to sickness and miasma.
You are immune to poison.
((Your flesh is very heat resistant. (rF++)))
((You are vulnerable to cold. (rC-)))
You float through the air rather than walking.
You learn spells naturally, not from books.
Your magical power is your life essence.
You have superior vitality. (+4 HP)
((You have a pair of small antennae on your head.))
You are agile. (Dex +2)
You expend health (3 HP) to strengthen your wands.


Message History

It was a potion of mutation.
You feel extremely strange. A pair of antennae grows on your head!
You feel your magical essence link to the dungeon's wands.
You feel agile. Vexzain's ghost hits you.
It was a potion of flight.
You feel more buoyant. Vexzain's ghost hits you.
It was a potion of attraction.
You feel attractive to monsters. Vexzain's ghost barely misses you.
The orc is pulled toward you!
It was a potion of magic.
Magic courses through your body. The orc misses you. Vexzain's ghost hits you.
* * * LOW HITPOINT WARNING * * *
The orc is pulled toward you!
It was a potion of degeneration.
There was something very wrong with that liquid.
You feel weakened.
You feel dopey.
You feel clumsy. The orc barely misses you. Vexzain's ghost hits you!
* * * LOW HITPOINT WARNING * * *
The orc is pulled toward you!
It was a potion of lignification.
You turn into a tree.
Your +0 cloak melds into your body.
Your +0 robe melds into your body.
Your roots penetrate the ground.
The orc hits you but does no damage.
Vexzain's ghost hits you but does no damage.
The orc is pulled toward you!
You completely miss vexzain's ghost. The orc hits you but does no damage.
Vexzain's ghost hits you but does no damage.
The orc is pulled toward you!
You closely miss vexzain's ghost. The orc hits you but does no damage.
Vexzain's ghost hits you but does no damage.
The orc is pulled toward you!
Casting: Foxfire (safe; 1% risk of failure)
Press: ? - help, Q - select action, (/) - cycle Dir - look around, f - activate You conjure some foxfire!
* * * LOW HITPOINT WARNING * * *
The foxfire hits the orc.
The orc is moderately wounded.
Vexzain's ghost hits you!
You die...

[...#.'..................
_?8.#.'.......>...#######
[...#.'.........### #..##
....#.#...####..# #..##
..##..#)#.# #..# #..##
..8#..#.#.## #..# ###..##
..##.o#..o.###..# #....##
8.....#.W...##..###.##.##
#########8♣o.......<.....##
#.# #.# #..v..##...........
#.###.####...#...####.#####
#.##..†####.##.### #.#
#....#......##.# #.#
####...#######.# #.# ##.##
#.# #.# ## #.# #.# #.# #.
#.# #.# #.# #.


You could see vexzain's ghost and 3 orcs.

Vanquished Creatures
  Sigmund (D:2)
  Natasha (thrice) (D:2)
  An orc wizard (D:3)
  2 adders (D:3)
  A worm (D:2)
  A dart slug (D:3)
  4 orcs (D:3)
  6 endoplasms
  A giant cockroach (D:2)
  6 goblins
  5 hobgoblins
  8 jackals
  4 kobolds (D:3)
  2 quokkas
  7 ball pythons
  4 bats
  3 frilled lizards
  3 rats
62 creatures vanquished.

Vanquished Creatures (others)
  276 foxfires
276 creatures vanquished.

Grand Total: 338 creatures vanquished

Notes
Turn   | Place    | Note
-------+----------+-------------------------------------------
     0 | D:1      | robertstho the Djinni Fire Elementalist began the quest for
                  | the Orb.
     0 | D:1      | Reached XP level 1. HP: 15/15 MP: 0/0
   492 | D:1      | Reached XP level 2. HP: 19/21 MP: 0/0
  1332 | D:2      | Reached skill level 3 in Spellcasting
  1453 | D:2      | Noticed Natasha
  1457 | D:2      | Killed Natasha
  1458 | D:2      | Reached XP level 3. HP: 21/26 MP: 0/0
  1458 | D:2      | Learned a level 1 spell: Freeze
  1565 | D:2      | Noticed Sigmund
  1574 | D:2      | Killed Sigmund
  1575 | D:2      | Reached skill level 1 in Fighting
  1575 | D:2      | Reached skill level 4 in Spellcasting
  1575 | D:2      | Reached XP level 4. HP: 20/32 MP: 0/0
  1575 | D:2      | Reached XP level 5. HP: 23/37 MP: 0/0
  1575 | D:2      | Learned a level 2 spell: Corpse Rot
  1575 | D:2      | Reached XP level 6. HP: 26/42 MP: 0/0
  1603 | D:2      | Noticed Natasha
  1607 | D:2      | Killed Natasha
  1931 | D:2      | Noticed Natasha
  1939 | D:2      | Killed Natasha
  2696 | D:3      | Found a runed translucent gate.
  2696 | D:3      | Found a runed translucent gate.
  2696 | D:3      | Found a runed translucent gate.
  2821 | D:3      | Noticed vexzain's ghost (amateur TeBe)
  2823 | D:3      | Identified the +6 hand axe of the Eternal Warrior {flame,
                  | rCorr Dex+4}
  2905 | D:3      | Reached skill level 5 in Spellcasting
  3447 | D:3      | Found a glowing golden altar of the Shining One.
  3615 | D:3      | Found a faded altar of an unknown god.
  3707 | D:3      | Gained mutation: You have a pair of small antennae on your
                  | head. [potion of mutation]
  3707 | D:3      | Gained mutation: You expend health (3 HP) to strengthen
                  | your wands. [potion of mutation]
  3707 | D:3      | Gained mutation: You are agile. (Dex +2) [potion of
                  | mutation]
  3711 | D:3      | HP: 1/43 [vexzain's ghost (10)]
  3715 | D:3      | Slain by vexzain's ghost

Illustrated notes

Levels and vault maps discovered:
D:1:      amcnicky_arrival_blooded_trapdoor, layout_loops_ring
D:2:      layout_loops_cross, uniq_sigmund, uniq_natasha
D:3:      minmay_door_path, layout_loops_ring, general_overflow_altar,
          basic_ecumenical_altar, biasface_ghost_orc_armoury

Skill      XL: |  1  2  3  4  5  6 |
---------------+-------------------+-----
Spellcasting   | 3 4 5 |  5.1
Fighting       | 1 |  1.7
Stealth        | 2 |  2.0
Dodging        | |  2.4

Action                   |  1- 3 |  4- 6 || total
-------------------------+-------+-------++-------
Melee: Short sword       |       |    14 ||    14
 Cast: Foxfire           |    66 |   103 ||   169
       Sticky Flame      |       |     1 ||     1
  Use: Potion            |       |     6 ||     6
       Scroll            |       |     3 ||     3
Armor: Robe              |     1 |     9 ||    10
       Skin              |       |     6 ||     6
Dodge: Dodged            |     8 |    26 ||    34

Table legend: (Time is in decaauts)
 A = Elapsed time spent in this place.
 B = Non-inter-level travel time spent in this place.
 C = Inter-level travel time spent in this place.
 D = Time resting spent in this place.
 E = Time spent auto-exploring this place.
 F = Levels seen in this place.
 G = Mean time per level.
                   A        B        C        D        E       F      G
               +--------+--------+--------+--------+--------+-----+--------+
         Total |   3714 |   3643 |     71 |      0 |   3216 |   3 | 1238.0 |
       Dungeon |   3714 |   3643 |     71 |      0 |   3216 |   3 | 1238.0 |
               +--------+--------+--------+--------+--------+-----+--------+

Top non-repeatable levels by time:
     D:3: 1392 daAuts
     D:1: 1296 daAuts
     D:2: 1026 daAuts
